 Dungeon Crawl Stone Soup version 0.19.0-19-g8c6edcc (webtiles) character file.

51 HungrySpirit the Skirmisher (level 3, -4/35 HPs)
             Began as a Hill Orc Wanderer on Nov 14, 2016.
             Killed from afar by Natasha (5 damage)
             ... with a magic dart
             ... on level 2 of the Dungeon.
             The game lasted 00:01:55 (1322 turns).

HungrySpirit the Skirmisher (Hill Orc Wanderer)     Turns: 1322, Time: 00:01:55

Health: -4/35      AC:  6    Str: 17    XL:     3   Next: 81%
Magic:  3/3        EV: 11    Int: 11    God:
Gold:   20         SH:  0    Dex:  9    Spells: 0 memorised, 2 levels left

rFire  . . .     SeeInvis .     m - +0 whip
rCold  . . .     Gourm    .     e - +0 ring mail
rNeg   . . .     Faith    .     (no shield)
rPois  .         Spirit   .     (no helmet)
rElec  .         Reflect  .     (no cloak)
rCorr  .         Harm     .     i - +0 pair of gloves
MR     .....                    (no boots)
Stlth  ..........               (no amulet)
                                (no ring)
                                q - +1 ring of evasion

@: no status effects
A: no striking features
a: no special abilities


You were on level 2 of the Dungeon.
You were not hungry.

You visited 1 branch of the dungeon, and saw 2 of its levels.

You collected 20 gold pieces.

Inventory:

Hand Weapons
 a - a +2 hand crossbow
 c - a +0 shortbow
 j - a cursed +0 club
 m - a +0 whip (weapon)
Missiles
 b - 24 bolts
 d - 27 arrows
Armour
 e - a +0 ring mail (worn)
 i - a +0 pair of gloves (worn)
 u - a +0 buckler
Jewellery
 q - a +1 ring of evasion (left hand)
Scrolls
 l - a scroll of amnesia {unknown}
 o - 4 scrolls of immolation {unknown}
 p - a scroll of teleportation {unknown}
Potions
 g - 2 potions of curing {unknown}
 n - a potion of mutation {unknown}
 r - a potion of degeneration {unknown}
 s - a potion of might {unknown}
 t - a potion of berserk rage {unknown}
 v - a potion of cancellation {unknown}
Comestibles
 f - a bread ration
 h - a slice of pizza
 k - 2 meat rations


   Skills:
 * Level 4.8 Fighting
 - Level 1.7 Bows
 - Level 1.0 Crossbows
 - Level 1.0 Throwing
 - Level 3.2 Armour
 - Level 1.1 Shields


You had 2 spell levels left.
You didn't know any spells.

Dungeon Overview and Level Annotations

Branches:
Dungeon (2/15)

Altars:

Annotations:
D:2 Natasha


Message History

You barely miss Natasha.
Natasha is moderately wounded.
Natasha stares at you and mumbles some strange words.
The magic dart hits you!
* * * LOW HITPOINT WARNING * * *
The crimson imp hits you but does no damage.
You are too injured to fight recklessly!
You miss Natasha.
Natasha is moderately wounded.
Natasha claws you.
* * * LOW HITPOINT WARNING * * *
The crimson imp misses you.
Unknown command.
You barely miss Natasha.
Natasha is moderately wounded.
Natasha mumbles some strange words.
Natasha shimmers violently.
Natasha stares at you and mumbles some strange words.
The magic dart hits you!
You die...

....#......##
...#........
..#......###
..#.........
#..........
#.#.....#####
#######.#.........#
.........h5.......#
########.##@.......#
#.....†..##.<......#
#........###.#######
.........# #.#
.........# #.#
.........# #.#
#........# #..
#........# #..
#........# #..


You could see Natasha and a crimson imp.

Vanquished Creatures
  Natasha (D:2)
  A dart slug (D:1)
  2 bats (D:1)
  2 giant cockroaches
  5 goblins (D:1)
  5 hobgoblins (D:1)
  2 kobolds (D:1)
  5 rats (D:1)
23 creatures vanquished.

Notes
Turn   | Place    | Note
-------+----------+-------------------------------------------
     0 | D:1      | HungrySpirit the Hill Orc Wanderer began the quest for the Orb.
     0 | D:1      | HungrySpirit set off with: a +2 hand crossbow, 25 bolts, a +0 shortbow, 27 arrows, a +0 ring mail, a bread ration
     0 | D:1      | Reached XP level 1. HP: 18/18 MP: 1/1
   206 | D:1      | Reached skill level 3 in Fighting
   225 | D:1      | Reached XP level 2. HP: 25/26 MP: 2/2
   786 | D:1      | Reached skill level 4 in Fighting
   882 | D:1      | Reached XP level 3. HP: 33/33 MP: 3/3
  1026 | D:2      | Noticed Natasha
  1044 | D:2      | Killed Natasha
  1134 | D:2      | Noticed Natasha
  1321 | D:2      | HP: 1/35 [Natasha (1)]
  1322 | D:2      | Killed from afar by Natasha

Skill      XL: |  1  2 |
---------------+-------+-----
Fighting       | 3 4 |  4.8
Bows           | |  1.7
Crossbows      | |  1.0
Throwing       | |  1.0
Armour         | |  3.2
Shields        | |  1.1

Action                   || total
-------------------------++-------
Melee: Whip              ||    83
 Fire: Hand crossbow     ||    18
  Eat: Chunk             ||     1
Armor: Ring mail         ||    28
Dodge: Dodged            ||    48
